PL
CALIFORNIA OCEANLINERS @ BOSTON PATRIOTS
08/27/2018
 
TOP OF THE 1ST
California Oceanliners batting - Pitching for Boston Patriots : LHP Kyle Lewis
Pitching: LHP Kyle Lewis
Batting: RHB Louis Henderson 0-0: Ball
1-0: SINGLE (Groundball, 6MD)
Batting: RHB Mike Lewis 0-0: Ball
1-0: Ball
2-0: Called Strike
2-1: Grounds into double play, 6-4-3 (Groundball, 6)
Batting: RHB Takeru Sanu 0-0: Called Strike
0-1: Called Strike
0-2: Ball
1-2: SINGLE (Line Drive, 8LS)
Batting: RHB Dong-joon Ch'oe 0-0: Called Strike
0-1: Swinging Strike
0-2: Fly out, F7 (Flyball, 7S)
Top of the 1st over - 0 run(s), 2 hit(s), 0 error(s), 1 left on base; California 0 - Boston 0
BOTTOM OF THE 1ST
Boston Patriots batting - Pitching for California Oceanliners : RHP Larry Lee
Pitching: RHP Larry Lee
Batting: RHB Tommy Jones 0-0: Called Strike
0-1: Foul Ball, location: 2F
0-2: Ball
1-2: Ball
2-2: Ball
3-2: Fly out, F7 (Flyball, 8LS)
Now in LF: Guillermo Martínez
Batting: RHB Manuel Villarreal 0-0: SINGLE (Flyball, 7LS)
Batting: LHB Michael Greene 0-0: Foul Ball, location: 2F
0-1: Called Strike
0-2: Ball
1-2: Strikes out swinging
Batting: LHB Chad Armstrong 0-0: Called Strike
0-1: Ball
1-1: Ball
2-1: Fielders Choice at 2nd, U4 (Groundball, 4M)
Bottom of the 1st over - 0 run(s), 1 hit(s), 0 error(s), 1 left on base; California 0 - Boston 0
TOP OF THE 2ND
California Oceanliners batting - Pitching for Boston Patriots : LHP Kyle Lewis
Batting: RHB Dave King 0-0: Ball
1-0: Ball
2-0: Called Strike
2-1: Ball
3-1: Fly out, F8 (Flyball, 8RXD)
Batting: LHB Keith Bridges 0-0: Ball
1-0: Foul Ball, location: 2F
1-1: Foul Ball, location: 2F
1-2: Ball
2-2: Strikes out looking
Batting: LHB Guillermo Martínez 0-0: Ball
1-0: Swinging Strike
1-1: Ball
2-1: Called Strike
2-2: Strikes out swinging
Top of the 2nd over - 0 run(s), 0 hit(s), 0 error(s), 0 left on base; California 0 - Boston 0
BOTTOM OF THE 2ND
Boston Patriots batting - Pitching for California Oceanliners : RHP Larry Lee
Batting: LHB Bill Chambers 0-0: Foul Ball, location: 2F
0-1: Ball
1-1: Ball
2-1: Swinging Strike
2-2: Ball
3-2: Foul Ball, location: 2F
3-2: Fly out, F9 (Flyball, 9LS)
Batting: RHB Bob Campbell 0-0: Foul Ball, location: 2F
0-1: Swinging Strike
0-2: Ball
1-2: Strikes out looking
Batting: LHB Luis Rodríguez 0-0: Called Strike
0-1: Fly out, F6 (Line Drive, 6)
Bottom of the 2nd over - 0 run(s), 0 hit(s), 0 error(s), 0 left on base; California 0 - Boston 0
TOP OF THE 3RD
California Oceanliners batting - Pitching for Boston Patriots : LHP Kyle Lewis
Batting: RHB Gerald Ambler 0-0: Swinging Strike
0-1: Swinging Strike
0-2: Foul Ball, location: 2F
0-2: Ball
1-2: Strikes out swinging
Batting: LHB Larry Lee 0-0: Foul Ball, location: 2F
0-1: Ball
1-1: Ball
2-1: SINGLE (Groundball, 6MD)
Batting: RHB Louis Henderson 0-0: Hit by Pitch
Larry Lee to second
Batting: RHB Mike Lewis 0-0: Ball
1-0: Ball
2-0: Foul Ball, location: 2F
2-1: Foul Ball, location: 2F
2-2: Strikes out swinging
Batting: RHB Takeru Sanu 0-0: Called Strike
0-1: Fielders Choice at 2nd, 5-4 (Groundball, 56)
Top of the 3rd over - 0 run(s), 1 hit(s), 0 error(s), 1 left on base; California 0 - Boston 0
BOTTOM OF THE 3RD
Boston Patriots batting - Pitching for California Oceanliners : RHP Larry Lee
Batting: RHB Bob Heller 0-0: Ground out 6-3 (Groundball, 56)
Batting: LHB Kyle Lewis 0-0: Ground out 5-3 (Groundball, 56S)
Batting: RHB Tommy Jones 0-0: Called Strike
0-1: Called Strike
0-2: Ball
1-2: Fly out, F7 (Flyball, 7LD)
Bottom of the 3rd over - 0 run(s), 0 hit(s), 0 error(s), 0 left on base; California 0 - Boston 0
TOP OF THE 4TH
California Oceanliners batting - Pitching for Boston Patriots : LHP Kyle Lewis
Batting: RHB Dong-joon Ch'oe 0-0: Ball
1-0: Ground out 4-3 (Groundball, 4)
Batting: RHB Dave King 0-0: Called Strike
0-1: Foul Ball, location: 2F
0-2: DOUBLE (Line Drive, 5L)
Batting: LHB Keith Bridges 0-0: SINGLE (Groundball, 5D)
Dave King to third
Batting: LHB Guillermo Martínez 0-0: Ball
1-0: Foul Ball, location: 2F
1-1: Ball
2-1: Ball
3-1: Fly out, F4 (Popup, 4)
Batting: RHB Gerald Ambler 0-0: Called Strike
0-1: Swinging Strike
0-2: Ball
1-2: Ball
2-2: Foul Ball, location: 2F
2-2: Ball
3-2: Strikes out swinging
Top of the 4th over - 0 run(s), 2 hit(s), 0 error(s), 2 left on base; California 0 - Boston 0
BOTTOM OF THE 4TH
Boston Patriots batting - Pitching for California Oceanliners : RHP Larry Lee
Batting: RHB Manuel Villarreal 0-0: Ground out 6-3 (Groundball, 6)
Batting: LHB Michael Greene 0-0: Called Strike
0-1: Called Strike
0-2: Strikes out swinging
Batting: LHB Chad Armstrong 0-0: Ground out 4-3 (Groundball, 4M)
Bottom of the 4th over - 0 run(s), 0 hit(s), 0 error(s), 0 left on base; California 0 - Boston 0
TOP OF THE 5TH
California Oceanliners batting - Pitching for Boston Patriots : LHP Kyle Lewis
Batting: LHB Larry Lee 0-0: Called Strike
0-1: SINGLE (Line Drive, 8LS)
Batting: RHB Louis Henderson 0-0: Ball
1-0: Swinging Strike
1-1: Ball
2-1: Swinging Strike
2-2: Ball
3-2: Foul Ball, location: 2F
3-2: 2-RUN HOME RUN (Flyball, 8LXD), Distance : 444 ft
Batting: RHB Mike Lewis 0-0: Ball
1-0: Called Strike
1-1: Fly out, F7 (Flyball, 78S)
Batting: RHB Takeru Sanu 0-0: Called Strike
0-1: SINGLE (Line Drive, 4MD)
Batting: RHB Dong-joon Ch'oe 0-0: Called Strike
0-1: Ball
1-1: Ball
2-1: Foul Ball, location: 2F
2-2: Foul Ball, location: 2F
2-2: Fly out, F7 (Flyball, 7S)
Batting: RHB Dave King 0-0: Called Strike
0-1: Called Strike
0-2: Ball
1-2: DOUBLE (Flyball, 89XD)
Takeru Sanu to third
Batting: LHB Keith Bridges 0-0: Ball
1-0: Swinging Strike
1-1: Called Strike
1-2: Ball
2-2: Foul Ball, location: 2F
2-2: Foul Ball, location: 2F
2-2: Ball
3-2: Fly out, F2 (Popup, 25F)
Top of the 5th over - 2 run(s), 4 hit(s), 0 error(s), 2 left on base; California 2 - Boston 0
BOTTOM OF THE 5TH
Boston Patriots batting - Pitching for California Oceanliners : RHP Larry Lee
Batting: LHB Bill Chambers 0-0: Ball
1-0: Ball
2-0: Called Strike
2-1: Ground out 6-3 (Groundball, 6)
Batting: RHB Bob Campbell 0-0: Ball
1-0: Ground out 6-3 (Groundball, 6)
Batting: LHB Luis Rodríguez 0-0: Called Strike
0-1: Ball
1-1: Ground out 4-3 (Groundball, 34)
Bottom of the 5th over - 0 run(s), 0 hit(s), 0 error(s), 0 left on base; California 2 - Boston 0
TOP OF THE 6TH
California Oceanliners batting - Pitching for Boston Patriots : LHP Kyle Lewis
Batting: LHB Guillermo Martínez 0-0: Foul Ball, location: 2F
0-1: Ball
1-1: Foul Ball, location: 2F
1-2: Strikes out swinging
Batting: RHB Gerald Ambler 0-0: Called Strike
0-1: Ground out 1-3 (Groundball, 25)
Batting: LHB Larry Lee 0-0: Called Strike
0-1: Foul Ball, location: 2F
0-2: Foul Ball, location: 2F
0-2: Ball
1-2: Fly out, F7 (Flyball, 78M)
Top of the 6th over - 0 run(s), 0 hit(s), 0 error(s), 0 left on base; California 2 - Boston 0
BOTTOM OF THE 6TH
Boston Patriots batting - Pitching for California Oceanliners : RHP Larry Lee
Batting: RHB Bob Heller 0-0: Called Strike
0-1: Ball
1-1: Ball
2-1: Called Strike
2-2: Ground out 5-3 (Groundball, 56)
Pinch Hitting: LHB Jake Shelton 0-0: SINGLE (Line Drive, 6M)
Batting: RHB Tommy Jones 0-0: Ball
1-0: Called Strike
1-1: Called Strike
1-2: Ball
2-2: Ball
3-2: Base on Balls
Jake Shelton to second
Batting: RHB Manuel Villarreal 0-0: Called Strike
0-1: Foul Ball, location: 2F
0-2: Ball
1-2: Foul Ball, location: 2F
1-2: Strikes out swinging
Batting: LHB Michael Greene 0-0: Called Strike
0-1: Ball
1-1: Ball
2-1: Ball
3-1: Base on Balls
Jake Shelton to third
Tommy Jones to second
Batting: LHB Chad Armstrong 0-0: Foul Ball, location: 2F
0-1: Foul Ball, location: 2F
0-2: Strikes out swinging
Bottom of the 6th over - 0 run(s), 1 hit(s), 0 error(s), 3 left on base; California 2 - Boston 0
TOP OF THE 7TH
California Oceanliners batting - Pitching for Boston Patriots : LHP Kyle Lewis
Pitching: RHP Earnest Casey
Batting: RHB Louis Henderson 0-0: Called Strike
0-1: Ball
1-1: SINGLE (Flyball, 89S)
Batting: RHB Mike Lewis 0-0: Ball
1-0: Called Strike
1-1: Grounds into double play, 5-4-3 (Groundball, 56)
Batting: RHB Takeru Sanu 0-0: Foul Ball, location: 2F
0-1: Ground out 1-3 (Groundball, 15S)
Top of the 7th over - 0 run(s), 1 hit(s), 0 error(s), 0 left on base; California 2 - Boston 0
BOTTOM OF THE 7TH
Boston Patriots batting - Pitching for California Oceanliners : RHP Larry Lee
Batting: LHB Bill Chambers 0-0: Called Strike
0-1: Ball
1-1: Ball
2-1: Fly out, F9 (Line Drive, 9S)
Batting: RHB Bob Campbell 0-0: Called Strike
0-1: SOLO HOME RUN (Line Drive, 8LXD), Distance : 443 ft
Batting: LHB Luis Rodríguez 0-0: Ball
1-0: Called Strike
1-1: Swinging Strike
1-2: Fly out, F9 (Line Drive, 9S)
Batting: RHB Bob Heller 0-0: Ball
1-0: Ball
2-0: Foul Ball, location: 2F
2-1: Ball
3-1: Foul Ball, location: 2F
3-2: SINGLE (Flyball, 9LM)
Pinch Hitting: RHB Wilfred McLaughlin 0-0: Ball
1-0: Ball
2-0: Called Strike
2-1: Ball
3-1: Fly out, F6 (Popup, 8LS)
Bottom of the 7th over - 1 run(s), 2 hit(s), 0 error(s), 1 left on base; California 2 - Boston 1
TOP OF THE 8TH
California Oceanliners batting - Pitching for Boston Patriots : RHP Earnest Casey
Pitching: RHP Edgardo Marín
Batting: RHB Dong-joon Ch'oe 0-0: Ball
1-0: Ball
2-0: Foul Ball, location: 2F
2-1: Foul Ball, location: 2F
2-2: Foul Ball, location: 2F
2-2: Strikes out swinging
Batting: RHB Dave King 0-0: Ball
1-0: Ground out 5-3 (Groundball, 5L)
Batting: LHB Keith Bridges 0-0: Ball
1-0: Ball
2-0: Foul Ball, location: 2F
2-1: Swinging Strike
2-2: Strikes out swinging
Top of the 8th over - 0 run(s), 0 hit(s), 0 error(s), 0 left on base; California 2 - Boston 1
BOTTOM OF THE 8TH
Boston Patriots batting - Pitching for California Oceanliners : RHP Larry Lee
Batting: RHB Tommy Jones 0-0: Ball
1-0: Called Strike
1-1: Swinging Strike
1-2: Ball
2-2: Strikes out swinging
Batting: RHB Manuel Villarreal 0-0: Called Strike
0-1: Ball
1-1: SINGLE (Line Drive, 56D)
Batting: LHB Michael Greene 0-0: Ball
1-0: Ball
2-0: Called Strike
2-1: Ball
3-1: Grounds into double play, 4-6-3 (Groundball, 4)
Bottom of the 8th over - 0 run(s), 1 hit(s), 0 error(s), 0 left on base; California 2 - Boston 1
TOP OF THE 9TH
California Oceanliners batting - Pitching for Boston Patriots : RHP Edgardo Marín
Pitching: RHP Roy Robinson
Batting: LHB Guillermo Martínez 0-0: Called Strike
0-1: Ball
1-1: Swinging Strike
1-2: Ball
2-2: Foul Ball, location: 2F
2-2: Strikes out swinging
Batting: RHB Gerald Ambler 0-0: Swinging Strike
0-1: Foul Ball, location: 2F
0-2: Ball
1-2: Foul Ball, location: 2F
1-2: Ball
2-2: Foul Ball, location: 2F
2-2: DOUBLE (Line Drive, 7LM)
Pinch Hitting: LHB Nick Leonard 0-0: Foul Ball, location: 2F
0-1: Swinging Strike
0-2: Ball
1-2: Strikes out looking
Pinch Hitting: LHB Kelly Brown 0-0: Foul Ball, location: 2F
0-1: Ball
1-1: Ground out 6-3 (Groundball, 6M)
Top of the 9th over - 0 run(s), 1 hit(s), 0 error(s), 1 left on base; California 2 - Boston 1
BOTTOM OF THE 9TH
Boston Patriots batting - Pitching for California Oceanliners : RHP Larry Lee
Pitching: RHP Ted Locke
Now at 1B: Kelly Brown
Batting: LHB Chad Armstrong 0-0: Ball
1-0: Ball
2-0: Ball
3-0: Called Strike
3-1: SINGLE (Groundball, 56D)
Batting: LHB Bill Chambers 0-0: Ball
1-0: Ball
2-0: Called Strike
2-1: Foul Ball, location: 2F
2-2: DOUBLE (Flyball, 7D)
Chad Armstrong to third
Batting: RHB Bob Campbell 0-0: Swinging Strike
0-1: Ball
1-1: SINGLE (Line Drive, 6D)
Chad Armstrong scores
Bill Chambers to third
Batting: LHB Luis Rodríguez 0-0: Foul Ball, location: 2F
0-1: Called Strike
0-2: DOUBLE (Line Drive, 8RXD)
Bill Chambers scores
This league is powered by Out of the Park Baseball, the baseball management simulation game for PC, Mac and Linux
Monday, May 4th, 2015 - OOTP Baseball 15.6 Build 34